 Dungeon Crawl Stone Soup version 0.29.0-4-gdea44cf6ec (webtiles) character file.

Game seed: 5609256775034672634

42 qw the Chopper (level 3, -1/31 HPs)
             Began as a Minotaur Fighter on Sept 4, 2022.
             Slain by a gnoll
             ... wielding a +0 whip
              (3 damage)
             ... on level 2 of the Dungeon.
             The game lasted 00:00:23 (1055 turns).

qw the Chopper (Minotaur Fighter)                   Turns: 1055, Time: 00:00:23

Health: -1/31      AC:  6    Str: 22    XL:     3   Next: 33%
Magic:  2/2        EV:  9    Int:  5    God:
Gold:   47         SH:  4    Dex:  9    Spells: 2/2 levels left

rFire   . . .      SeeInvis .   Y - +0 war axe
rCold   . . .      Faith    .   c - +0 buckler
rNeg    . . .      Spirit   .   b - +0 scale mail
rPois   .          Reflect  .   (helmet restricted)
rElec   .          Harm     .   (no cloak)
rCorr   .          Rampage  .   (no gloves)
Will    .....                   (no boots)
Stlth   ..........              (no amulet)
HPRegen 0.10/turn               (no ring)
MPRegen 0.08/turn               (no ring)

@: no status effects
A: horns 2, retaliatory headbutt
a: no special abilities


You were on level 2 of the Dungeon.
You visited 1 branch of the dungeon, and saw 2 of its levels.

You collected 47 gold pieces.


Innate Abilities, Weirdness & Mutations

You have a pair of horns on your head.
You reflexively headbutt those who attack you in melee.


   Skills:
 - Level 3.6 Fighting
 + Level 4.6 Axes
 - Level 3.6 Armour
 - Level 3.6 Shields


You had 2 spell levels left.
You didn't know any spells.
Your spell library was empty.

Inventory:

Hand Weapons
 g - a +0 club
 Y - a +0 war axe (weapon)
Armour
 b - a +0 scale mail (worn)
 c - a +0 buckler (worn)
Scrolls
 f - a scroll of identify
Potions
 d - 2 potions of might
 i - a potion of curing
 j - a potion of berserk rage {unknown}

Dungeon Overview and Level Annotations

Branches:
Dungeon (2/15)

Altars:


Message History

You block the rat's attack.
You hit the gnoll. Your headbutt misses the gnoll.
The gnoll is almost dead.
You barely miss the hobgoblin. You hit the gnoll but do no damage.
You slash the rat!
You kill the rat!
The gnoll closely misses you. You block the gnoll's attack.
The kobold throws a stone.
The stone hits you but does no damage.
The hobgoblin hits you but does no damage.
The gnoll hits you from afar with a +0 spear.
You slash the gnoll!
You kill the gnoll!
You hit the gnoll. You barely miss the hobgoblin. You block the gnoll's attack.
The gnoll barely misses you. The hobgoblin hits you.
A worm comes into view.
The hobgoblin closely misses you. The gnoll hits you with a +0 whip.
The kobold hits you but does no damage. The gnoll barely misses you.
You block the kobold's attack.
You hit the gnoll.
The gnoll is heavily wounded.
You closely miss the hobgoblin. You hit the kobold. You barely miss the kobold.
You feel your willpower return. You block the gnoll's attack.
The gnoll hits you with a +0 whip.
The kobold hits you with a +0 short sword.
The hobgoblin hits you but does no damage.
The kobold hits you but does no damage.
You hit the kobold.
You kill the kobold!
You barely miss the gnoll. You barely miss the kobold.
You hit the hobgoblin but do no damage. The gnoll hits you but does no damage.
The gnoll hits you with a +0 whip. The kobold hits you but does no damage.
The hobgoblin hits you but does no damage.
You hit the gnoll but do no damage. You headbutt the gnoll.
The gnoll is severely wounded.
You closely miss the kobold. You hit the hobgoblin but do no damage.
The gnoll hits you from afar with a +0 spear.
The gnoll hits you with a +0 whip.
You die...

#..........
#..........
#.......w..
#..........
#..........
####...g......
#.#.....g)$.....
#.......@K......
###.#....g......
#.# #$..........
###.# #...........
.. #...#
#...#######. ..
#.#<# #........
#.##.###.#........
#........#........
###...####........


You could see a worm, 2 gnolls, a hobgoblin and a kobold.

Vanquished Creatures
  A gnoll (D:2)
  2 dart slugs (D:1)
  5 endoplasms
  2 giant cockroaches (D:1)
  2 goblins (D:1)
  4 hobgoblins
  2 kobolds
  A quokka (D:1)
  2 bats (D:1)
  5 rats
26 creatures vanquished.

Notes
Turn   | Place    | Note
-------+----------+-------------------------------------------
     0 | D:1      | qw the Minotaur Fighter began the quest for the Orb.
     0 | D:1      | Reached XP level 1. HP: 19/19 MP: 0/0
     0 | D:1      | 0 ||| qw: Version: 0.1-a-103-gd6f5d3a
     0 | D:1      | 0 ||| qw: Game counter: 5730
     0 | D:1      | 0 ||| qw: Always use a shield: true
     0 | D:1      | 0 ||| qw: God list: Ru
     0 | D:1      | 0 ||| qw: Allow faded altars: false
     0 | D:1      | 0 ||| qw: Do Orc after D:15 true
     0 | D:1      | 0 ||| qw: Do second Lair branch before Depths: true
     0 | D:1      | 0 ||| qw: Lair rune preference: random
     0 | D:1      | 0 ||| qw: Plans: Normal
     0 | D:1      | 0 ||| PLANNING D:1-11
   128 | D:1      | Reached skill level 3 in Axes
   255 | D:1      | Reached XP level 2. HP: 24/26 MP: 1/1
   673 | D:1      | Reached skill level 4 in Axes
   807 | D:1      | 807 ||| Stepping ~*~*~tactically~*~*~ (hiding).
   808 | D:1      | 808 ||| Stepping ~*~*~tactically~*~*~ (hiding).
   905 | D:1      | Found a faded altar of an unknown god.
  1016 | D:1      | 1016 ||| READING scroll labelled WOJORO VAOMUCO.
  1017 | D:1      | 1017 ||| READING 3 scrolls labelled FAIRROGOMP.
  1018 | D:1      | 1018 ||| READING scroll labelled RYPEAT YRIOFFEA.
  1019 | D:1      | 1019 ||| READING 2 scrolls of identify.
  1019 | D:1      | 1019 ||| IDENTIFYING purple potion
  1029 | D:2      | Reached XP level 3. HP: 31/31 MP: 2/2
  1054 | D:2      | HP: 7/31 [gnoll/+0 whip (4)]
  1055 | D:2      | HP: 2/31 [gnoll/+0 spear (6)]
  1055 | D:2      | Slain by a gnoll

Levels and vault maps discovered:
D:1:      dpeg_arrival_castle, layout_loops_corners,
          shapermc_ecumenical_altar_petra
D:2:      layout_basic, st_stairs_1

Skill      XL: |  1  2 |
---------------+-------+-----
Axes           | 3 4 |  4.6
Fighting       | |  3.6
Armour         | |  3.6
Shields        | |  3.6

Action                   || total
-------------------------++-------
Melee: War axe           ||    49
       Headbutt          ||     6
  Use: Scroll            ||     4
Armor: Scale mail        ||    21
Dodge: Dodged            ||    20
Block: Buckler           ||    11

Table legend:
 A = Non-vault XP
 B = Vault XP
 C = Vault XP percentage of total XP
 D = Non-vault monster count
 E = Vault monster count
 F = Vault count percentage of total count
                 A         B        C        D         E       F
            +---------+---------+-------+---------+---------+-------
      Total |      60 |       0 |   0.0 |      26 |       0 |   0.0
            +---------+---------+-------+---------+---------+-------
        D:1 |      40 |       0 |   0.0 |      21 |       0 |   0.0
        D:2 |      20 |       0 |   0.0 |       5 |       0 |   0.0
            +---------+---------+-------+---------+---------+-------
